 Dungeon Crawl Stone Soup version 0.31-a0-188-g5e087ee2ca (webtiles) character file.

Game seed: 12039193250795139123

114 qw the Skirmisher (level 4, 0/25 HPs)
             Began as a Deep Elf Hunter on June 23, 2023.
             Slain by Natasha (4 damage)
             ... on level 3 of the Dungeon.
             The game lasted 00:00:39 (1355 turns).

qw the Skirmisher (Deep Elf Hunter)                 Turns: 1355, Time: 00:00:39

Health: 0/25       AC:  7    Str: 10    XL:     4   Next: 67%
Magic:  6/6        EV:  9    Int: 14    God:
Gold:   181        SH:  0    Dex: 18    Spells: 3/3 levels left

rFire   . . .        c - +0 arbalest
rCold   . . .        (shield currently unavailable)
rNeg    . . .        f - +0 scale mail
rPois   .            (no helmet)
rElec   .            (no cloak)
rCorr   .            i - +0 pair of gloves
SInv    .            (no boots)
Will    .....        (no amulet)
Stlth   +            o - +4 ring of slaying {mikee}
HPRegen 0.24/turn    (no ring)
MPRegen 0.10/turn

%: no passive effects
@: no status effects
A: no striking features
a: no special abilities


You were on level 3 of the Dungeon.
You visited 1 branch of the dungeon, and saw 3 of its levels.

You collected 181 gold pieces.


   Skills:
 - Level 1.5 Fighting
 + Level 8.1 Ranged Weapons
 - Level 2.4 Dodging
 - Level 1.2 Stealth


You had 3 spell levels left.
You didn't know any spells.
Your spell library was empty.

Inventory:

Hand Weapons
 c - a +0 arbalest (weapon)
Armour
 f - a +0 scale mail (worn)
 i - a +0 pair of gloves (worn)
Jewellery
 o - a +4 ring of slaying (left hand) {mikee}
Scrolls
 b - 2 scrolls of teleportation
 d - a scroll of noise {unknown}
 h - a scroll of identify
Potions
 a - a potion of haste {unknown}
 e - 2 potions of curing
 g - a potion of enlightenment {unknown}
 k - a potion of mutation {unknown}
 m - a potion of brilliance {unknown}

Dungeon Overview and Level Annotations

Branches:
Dungeon (3/15)

Altars:

Annotations:
D:3 Natasha


Message History

You kill Natasha!
Natasha yowls pathetically as she dies!
Your Ranged Weapons skill increases to level 8!
Natasha, Servant of Life and Death comes into view.
Found a scroll of identify.
Natasha hisses angrily.
Natasha mumbles some strange words.
Enter note:
Enter note:
Enter note:
Enter note:
Enter note:
Enter note:
Enter note:
Enter note:
Enter note: You shoot a bolt.
The bolt closely misses the cerulean imp.
The cerulean imp closely misses you.
You shoot a bolt. The bolt hits the cerulean imp!
The cerulean imp is severely wounded.
The cerulean imp hits you but does no damage.
The cerulean imp hits you from afar with a +2 spear.
You shoot a bolt.
The bolt barely misses the cerulean imp.
The cerulean imp hits you from afar with a +2 spear. x2
Natasha howls an incantation.
You feel disoriented. Natasha claws you.
You shoot a bolt. The bolt hits Natasha.
Natasha is lightly wounded.
The cerulean imp closely misses you. Natasha claws you but does no damage.
The cerulean imp barely misses you. Natasha claws you.
You shoot a bolt. The bolt hits Natasha!
Natasha is severely wounded.
The cerulean imp hits you from afar with a +2 spear.
Natasha barely misses you. The cerulean imp barely misses you.
You shoot a bolt. The bolt closely misses Natasha.
Natasha claws you. The cerulean imp barely misses you. Natasha claws you.
You die...

#...#...## .........##
..........###
............#
............##
.........#...#####
#...#>..##.......##
#...<...........#.#.#.#?
....#########.##@.......
...## #.###h##+##. #..#
#.# 5# #..# #.# .+ ...#
#.# .# #..# #.# .#
..#### #.# .. #....# .#
.....#


You could see Natasha and a cerulean imp (summoned).

Vanquished Creatures
  Natasha (D:3)
  2 adders
  2 worms
  A dart slug (D:1)
  An orc (D:3)
  8 endoplasms
  3 giant cockroaches
  4 goblins
  7 hobgoblins
  8 jackals (D:2)
  2 quokkas
  4 ball pythons
  2 bats
  4 frilled lizards
  5 kobolds
  A rat (D:2)
55 creatures vanquished.

Notes
Turn   | Place    | Note
-------+----------+-------------------------------------------
     0 | D:1      | qw the Deep Elf Hunter began the quest for the Orb.
     0 | D:1      | Reached XP level 1. HP: 12/12 MP: 3/3
     0 | D:1      | 0 ||| qw: Version: 0.3-a-9-g12657ce
     0 | D:1      | 0 ||| qw: Game counter: 4177
     0 | D:1      | 0 ||| qw: Always use a shield: true
     0 | D:1      | 0 ||| qw: God list: Okawaru
     0 | D:1      | 0 ||| qw: Allow faded altars: false
     0 | D:1      | 0 ||| qw: Do Orc after D:15 true
     0 | D:1      | 0 ||| qw: Do second Lair branch before Depths: true
     0 | D:1      | 0 ||| qw: Lair rune preference: random
     0 | D:1      | 0 ||| qw: Plans: Normal
     0 | D:1      | 0 ||| PLANNING D:1-11
   117 | D:1      | Reached skill level 6 in Ranged Weapons
   117 | D:1      | Reached XP level 2. HP: 16/16 MP: 4/4
   455 | D:1      | 455 ||| UPGRADING to +0 scale mail.
   465 | D:1      | 465 ||| DROPPING +0 leather armour.
   466 | D:1      | 466 ||| UPGRADING to +0 pair of gloves.
   471 | D:1      | 471 ||| DROPPING +6 ring of intelligence.
   472 | D:1      | 472 ||| UPGRADING to +4 ring of slaying {mikee}.
   473 | D:1      | 473 ||| READING scroll labelled LOWNESS DOUS.
   474 | D:1      | 474 ||| READING scroll labelled SONIFASUUSS.
   475 | D:1      | 475 ||| READING scroll labelled LOUSHR EJOTZU.
   476 | D:1      | 476 ||| READING scroll labelled FINTOA JONAELI.
   481 | D:1      | 481 ||| DRINKING 2 smoky silvery potions.
   482 | D:1      | 482 ||| DRINKING 2 glowing clear potions.
   518 | D:1      | 518 ||| DROPPING scroll of butterflies.
   519 | D:1      | 519 ||| DROPPING potion of lignification.
   536 | D:2      | Reached XP level 3. HP: 20/20 MP: 5/5
   630 | D:2      | Reached skill level 7 in Ranged Weapons
   691 | D:2      | 691 ||| SWAPPING to +0 arbalest.
   692 | D:2      | 692 ||| DROPPING +0 shortbow.
   999 | D:2      | 999 ||| DROPPING amulet of magic regeneration.
  1000 | D:2      | 1000 ||| DRINKING 2 silvery potions.
  1001 | D:2      | 1001 ||| DROPPING potion of invisibility.
  1030 | D:3      | 1030 ||| STAIRDANCE
  1044 | D:3      | 1044 ||| STAIRDANCE
  1158 | D:3      | Found a faded altar of an unknown god.
  1167 | D:3      | Reached XP level 4. HP: 25/25 MP: 6/6
  1337 | D:3      | Noticed Natasha
  1341 | D:3      | Killed Natasha
  1342 | D:3      | Reached skill level 8 in Ranged Weapons
  1349 | D:3      | Noticed Natasha
  1355 | D:3      | HP: 4/25 [Natasha (4)]
  1355 | D:3      | Slain by Natasha

Levels and vault maps discovered:
D:1:      ebering_hopf_link, layout_basic, minmay_misc_feat_cross, minmay_tall_x
D:2:      layout_basic, minmay_misc_feat_rugged
D:3:      layout_rooms, mainiacjoe_overflow_big_doors, lightli_temple_of_fire,
          hellmonk_ecumenical_altar_arch_garden, st_stairs_4,
          minmay_misc_feat_doors, kennysheep_flooded_box,
          palyth_stone_intersect, uniq_natasha

Skill      XL: |  1  2  3  4 |
---------------+-------------+-----
Ranged Weapons | 6 7 8 |  8.1
Fighting       | |  1.5
Dodging        | |  2.4
Stealth        | |  1.2

Action                     |  1- 3 |  4- 6 || total
---------------------------+-------+-------++-------
   Fire: Shortbow          |    69 |       ||    69
         Arbalest          |    32 |    27 ||    59
    Use: Scroll            |     4 |       ||     4
         Potion            |     3 |       ||     3
 Armour: Leather armour    |     6 |       ||     6
         Scale mail        |    32 |     4 ||    36
  Dodge: Dodged            |    52 |     6 ||    58

Table legend:
 A = Non-vault XP
 B = Vault XP
 C = Vault XP percentage of total XP
 D = Non-vault monster count
 E = Vault monster count
 F = Vault count percentage of total count
                 A         B        C        D         E       F
            +---------+---------+-------+---------+---------+-------
      Total |     106 |      58 |  35.4 |      48 |       7 |  12.7
            +---------+---------+-------+---------+---------+-------
        D:1 |      26 |       7 |  21.2 |      14 |       4 |  22.2
        D:2 |      56 |       0 |   0.0 |      23 |       0 |   0.0
        D:3 |      24 |      51 |  68.0 |      11 |       3 |  21.4
            +---------+---------+-------+---------+---------+-------
